 Dungeon Crawl Stone Soup version 0.30-a0-1074-g5db6f66fbb (webtiles) character file.

Game seed: 1076470295356393118

108 Dittersdorf the Covered (level 4, -17/29 HPs)
             Began as a Gargoyle Fighter on Apr 13, 2023.
             Demolished by an ogre
             ... wielding a +0 giant spiked club
              (25 damage)
             ... on level 4 of the Dungeon.
             The game lasted 00:03:33 (1231 turns).

Dittersdorf the Covered (Gargoyle Fighter)          Turns: 1231, Time: 00:03:34

Health: -17/29     AC: 10    Str: 21    XL:     4   Next: 87%
Magic:  4/4        EV:  9    Int:  9    God:
Gold:   132        SH:  4    Dex:  9    Spells: 3/3 levels left

rFire   . . .      SeeInvis .    a - +1 flail
rCold   . . .      Faith    .    c - +0 buckler
rNeg    + . .      Spirit   .    b - +0 scale mail
rPois   ∞          Reflect  .    (no helmet)
rElec   +          Rampage  .    (no cloak)
rCorr   .                        (no gloves)
Will    .....                    (no boots) Stlth
                                 (no amulet)
HPRegen 0.24/turn                (no ring)
MPRegen 0.09/turn                (no ring)

@: no status effects
A: sickness immunity, AC +3, negative energy resistance 1, electricity
resistance, torment resistance 1, petrification resistance
a: no special abilities


You were on level 4 of the Dungeon.
You visited 1 branch of the dungeon, and saw 3 of its levels.

You collected 132 gold pieces.

Inventory:

Hand Weapons
 a - a +1 flail (weapon)
Missiles
 k - 6 poisoned darts (quivered)
 m - a throwing net
Armour
 b - a +0 scale mail (worn)
 c - a +0 buckler (worn)
Potions
 d - a potion of might
 e - 2 potions of heal wounds {unknown}
 f - 2 potions of degeneration {unknown}
 g - a potion of magic {unknown}
 h - 2 potions of curing {unknown}
 i - a potion of haste


   Skills:
 + Level 4.0 Fighting
 + Level 3.0 Maces & Flails
 + Level 4.1 Armour
 + Level 4.1 Shields


You had 3 spell levels left.
You didn't know any spells.
Your spell library contained the following spells:

 Spells                   Type           Power      Damage    Failure   Level
 Volatile Blastmotes      Fire/Tloc      0%         2d10      99%         3
 Flame Wave               Conj/Fire      0%         2d4       100%        4
 Petrify                  Tmut/Erth      0%         N/A       100%        4
 Fireball                 Conj/Fire      0%         3d3       100%        5
 Irradiate                Conj/Tmut      0%         3d11      100%        5
 Plasma Beam              Fire/Air       0%         2x1d11    100%        6
 Sublimation of Blood     Necr           Unusable   N/A       N/A         2

Dungeon Overview and Level Annotations

Branches:
Dungeon (2/15)

Altars:
Dithmenos

Shops:
D:1 ?   D:4 (


Innate Abilities, Weirdness & Mutations

You are immune to sickness and miasma.
Your stone body is resilient. (AC +3)
You are immune to poison.
You resist negative energy. (rN+)
You are resistant to electric shocks. (rElec)
You are resistant to unholy torment.
You are immune to petrification.


Message History

The hound bites you but does no damage. The hound bites you.
You closely miss the hound.
The hound is heavily wounded.
You block the hound's attack.
You thump the hound!
You kill the hound!
Your Fighting skill increases to level 4!
Your Maces & Flails skill increases to level 3!
Your Armour skill increases to level 4!
No target in view!
You now have 119 gold pieces (gained 3).
Found 13 gold pieces.
You now have 132 gold pieces (gained 13).
You open the door.
An ogre and 8 goblins come into view.
The ogre shouts!
The goblin shouts! x5
The goblin unwields a +0 club.
The goblin wields a +0 sling.
The goblin shoots a sling bullet.
The sling bullet hits you.
Found 8 large rocks.
The goblin attacks as you move away! The goblin completely misses you.
The goblin attacks as you move away! The goblin closely misses you.
The goblin attacks as you move away! The goblin hits you but does no damage.
The goblin attacks as you move away! The goblin barely misses you.
The goblin attacks as you move away! The goblin hits you but does no damage.
The goblin attacks as you move away! The goblin barely misses you.
The goblin attacks as you move away! The goblin hits you with a +0 dagger.
You hit the goblin.
The goblin is moderately wounded.
The goblin hits you but does no damage.
You hit the goblin.
You kill the goblin!
You closely miss the ogre.
The ogre hits you with a +0 giant spiked club!!
Ouch! That really hurt!
* * * LOW HITPOINT WARNING * * *
You sock the ogre!
The ogre is moderately wounded.
The ogre hits you with a +0 giant spiked club!!
Ouch! That really hurt!
You die...

.# #.# #...###### .#
##.######........# ####
.###.....##.........#
##..#######
..#..####..........#
#.....#g.g# ...###
##..........# ##.....#(gO#
..## #......|...#
#......#g.g# .##
#..........# ##....(.##'##
##
#.........####.g..g.......
##.......@###.............
##......#Og#.>....g......
###...###gg.............
##### ##g............#
#.............#
##............##
#............###
#...........###.
#...............


You could see an ogre and 4 goblins.

Vanquished Creatures
  2 hounds (D:4)
  An adder (D:4)
  A dart slug (D:4)
  2 bats
  An endoplasm (D:1)
  2 giant cockroaches
  2 goblins
  5 hobgoblins
  3 jackals (D:1)
  6 kobolds
  5 ball pythons
  A frilled lizard (D:1)
  4 rats (D:1)
35 creatures vanquished.

Notes
Turn   | Place    | Note
-------+----------+-------------------------------------------
     0 | D:1      | Dittersdorf the Gargoyle Fighter began the quest for the
                  | Orb.
     0 | D:1      | Reached XP level 1. HP: 14/14 MP: 1/1
     2 | D:1      | Found Ipnaoj's Magic Scroll Shoppe.
   153 | D:1      | Reached XP level 2. HP: 19/19 MP: 2/2
   292 | D:1      | Got the Codex of Soot
   829 | D:2      | Reached XP level 3. HP: 23/23 MP: 3/3
   957 | D:2      | You fall into a shaft and drop 2 floors!
   967 | D:4      | Found a shadowy altar of Dithmenos.
  1003 | D:4      | Found Focusiemp's Antique Weapon Boutique.
  1099 | D:4      | Reached XP level 4. HP: 18/29 MP: 4/4
  1213 | D:4      | Noticed an ogre
  1231 | D:4      | Demolished by an ogre

Illustrated notes

Levels and vault maps discovered:
D:1:      dpeg_arrival_shelter, layout_basic, serial_shops, shop_scrolls,
          hangedman_decor_diamond_cutter, minmay_misc_feat_encased
D:2:      layout_basic
D:4:      layout_cave_pods, nicolae_dithmenos_shadow_blocks, serial_shops,
          nicolae_shop_crystal, enter_ossuary_1, ebering_dispersal_statue_hall,
          minmay_ogre_servants

Skill      XL: |  1  2  3  4 |
---------------+-------------+-----
Shields        | 4 |  4.1
Fighting       | 4 |  4.0
Maces & Flails | 3 |  3.0
Armour         | 4 |  4.1

Action                     |  1- 3 |  4- 6 || total
---------------------------+-------+-------++-------
  Melee: Flail             |    73 |    14 ||    87
    Use: Scroll            |     5 |       ||     5
 Armour: Scale mail        |    38 |     9 ||    47
  Dodge: Dodged            |    28 |    10 ||    38
  Block: Buckler           |    18 |     2 ||    20

Table legend: (Time is in decaauts)
 A = Elapsed time spent in this place.
 B = Non-inter-level travel time spent in this place.
 C = Inter-level travel time spent in this place.
 D = Time resting spent in this place.
 E = Time spent auto-exploring this place.
 F = Levels seen in this place.
 G = Mean time per level.
                   A        B        C        D        E       F      G
               +--------+--------+--------+--------+--------+-----+--------+
         Total |   1258 |   1254 |      4 |      0 |    816 |   3 |  419.3 |
       Dungeon |   1258 |   1254 |      4 |      0 |    816 |   3 |  419.3 |
               +--------+--------+--------+--------+--------+-----+--------+

Top non-repeatable levels by time:
     D:1: 775 daAuts
     D:4: 283 daAuts
     D:2: 198 daAuts
